 Dungeon Sprint DCSS version 0.29-a0-997-gf6f7e2dfe7 (webtiles) character file.

Game seed: 13886790283819738470

32907 123456 the Slayer (level 13, -5/148 HPs)
             Began as a Minotaur Fighter on Aug 4, 2022.
             Was the Champion of Okawaru.
             Slain by a salamander
             ... wielding a +0 halberd
              (12 damage)
             ... in the Dungeon (Sprint IX: "|||||||||||||||||||||||||||||").
             The game lasted 00:09:37 (5435 turns).

123456 the Slayer (Minotaur Fighter)                Turns: 5435, Time: 00:09:38

Health: -5/148     AC: 31    Str: 26    XL:     13   Next: 33%
Magic:  0/19       EV: 15    Int:  5    God:    Okawaru [******]
Gold:   504        SH:  0    Dex: 16    Spells: 12/12 levels left

rFire   . . .      SeeInvis .   f - +3 great mace
rCold   . . .      Faith    .   (shield currently unavailable)
rNeg    . . .      Spirit   +   a - +4 plate armour
rPois   .          Reflect  .   (helmet restricted)
rElec   .          Harm     .   v - +0 cloak
rCorr   .          Rampage  .   A - +2 pair of gloves {infuse}
Will    .....      NoTele   +   (no boots)
Stlth   ..........              C - amulet of guardian spirit
HPRegen 0.34/turn               w - +6 ring of strength
MPRegen 0.16/turn               x - +4 ring of protection

@: no status effects
A: horns 2, retaliatory headbutt
a: Renounce Religion, Heroism, Finesse


You were in the Dungeon.
You worshipped Okawaru.
Okawaru was exalted by your worship.
You visited 1 branch You collected 1932 gold pieces.
You spent 1428 gold pieces at shops.

Inventory:

Hand Weapons
 f - a +3 great mace (weapon)
 n - a +4 morningstar of protection
Missiles
 c - 3 javelins (quivered)
Armour
 a - a +4 plate armour (worn)
 r - a +0 pair of gloves
 s - the +1 kite shield of Okawaru's Castigation {rF+}
   (Okawaru gifted it to you in the Dungeon)

   rF:        It protects you from fire.
 v - a +0 cloak (worn)
 A - a +2 pair of gloves of infusion (worn)
Jewellery
 o - a ring of protection from fire
 p - a ring of see invisible
 w - a +6 ring of strength (left hand)
 x - a +4 ring of protection (right hand)
 y - a ring of positive energy
 z - a ring of poison resistance
 C - an amulet of guardian spirit (around neck)
Wands
 m - a wand of acid (8)
 u - a wand of flame (11)
Scrolls
 j - 5 scrolls of blinking
 l - 2 scrolls of amnesia
 t - 2 scrolls of identify
Potions
 b - 3 potions of resistance
 d - 3 potions of might
 e - 2 potions of curing
 g - a potion of haste
 h - 4 potions of magic
 i - 4 potions of berserk rage
 k - a potion of invisibility
 B - 2 potions of heal wounds
Miscellaneous
 q - a piece from Xom's chessboard (15/15)


   Skills:
 * Level 23.6 Fighting
 * Level 23.5 Maces & Flails
 + Level 17.4 Armour
 + Level 15.8 Dodging
 - Level 3.6 Shields
 + Level 10.3 Invocations


You had 12 spell levels left.
You didn't know any spells.
Your spell library was empty.

Dungeon Overview and Level Annotations

Branches:
Dungeon (1/1)

Altars:
Cheibriados
Dithmenos
Elyvilon
Fedhas
Gozag
Hepliaklqana
Kikubaaqudgha
Makhleb
Nemelex Xobeh
Okawaru
Qazlal
Ru
Sif Muna
Trog
Uskayaw
Vehumet
Wu Jian
Xom
Yredelemnul
Zin
The Shining One
Jiyva
Lugonu

Shops:
D =([[


Innate Abilities, Weirdness & Mutations

You have a pair of horns on your head.
You reflexively headbutt those who attack you in melee.


Message History

The bolt of magma hits you!
You bludgeon the salamander mystic!!
You kill the salamander mystic!
Okawaru accepts your kill.
You feel very sick.
You sock the shock serpent!
The shock serpent is lightly wounded.
The shock serpent's electric aura discharges, shocking you!
You feel very sick. The shock serpent bites you. The shock serpent shocks you!
You barely miss the shock serpent.
The shock serpent is lightly wounded.
You feel sick. The shock serpent closely misses you. The salamander misses you.
You bludgeon the shock serpent!! Your headbutt misses the shock serpent.
The shock serpent is severely wounded.
The shock serpent's electric aura discharges, shocking you!
You feel sick.
The shock serpent shoots out a bolt of lightning at you!
The bolt of electricity hits you!
* * * LOW HITPOINT WARNING * * *
The salamander hits you but does no damage.
The shock serpent misses you. You furiously retaliate!
You headbutt the shock serpent!
The shock serpent's electric aura discharges, shocking you!
You feel better.
The black mamba no longer looks unusually toxic.
The shock serpent shoots out a bolt of lightning at you!
The bolt of electricity hits you!!
* * * LOW HITPOINT WARNING * * *
The salamander hits you but does no damage.
You barely miss the shock serpent. Your headbutt misses the shock serpent.
The shock serpent is severely wounded.
The shock serpent bites you but does no damage.
You barely miss the shock serpent.
The shock serpent is severely wounded.
The shock serpent bites you but does no damage.
The salamander hits you from afar with a +0 halberd!
* * * LOW HITPOINT WARNING * * *
You are engulfed in flames!
You die...

▓.▓.▓.▓[▓.▓.▓.▓.
▓.▓.▓'▓.▓)▓.▓.▓.▓.
▓.▓.▓)▓.▓[▓.▓'▓.▓'
▓S▓.▓[▓.▓'▓.▓.▓.▓_
▓S▓.▓)▓.▓[▓.▓.▓.▓_
▓N▓.▓?▓.▓.▓.▓.▓.▓_
▓N▓.▓.▓.▓.▓)▓.▓.▓_
▓S▓.▓.▓.▓.▓.▓.▓.▓_
▓@▓.▓.▓.▓.▓.▓.▓.▓_
▓.▓)▓.▓.▓.▓.▓[▓.▓_
▓)▓.▓.▓.▓.▓.▓.▓.▓_
▓÷▓.▓.▓.▓)▓.▓÷▓.▓_
▓.▓.▓[▓.▓)▓.▓'▓.▓_
▓)▓.▓[▓.▓)▓.▓.▓.▓_
▓)▓.▓[▓.▓)▓.▓.▓.▓_
▓.▓.▓[▓.▓)▓.▓.▓.▓_
▓.▓.▓.▓.▓)▓.▓.▓.▓_


You could see a salamander, a shock serpent, 2 black mambas and a naga mage
(fast).

Vanquished Creatures
  A frost giant (D)
  An emperor scorpion (D)
  An ettin (D)
  3 boulder beetles (D)
  2 hydras (D)
  An ice dragon (D)
  A rakshasa (D)
  Erolcha (D)
  2 spriggan air magi (D)
  A centaur warrior (D)
  A radroach (D)
  3 orc high priests (D)
  A naga sharpshooter (D)
  Nergalle (D)
  A salamander mystic (D)
  A steelbarb worm (D)
  2 sea snakes (D)
  4 lindwurms (D)
  A necromancer (D)
  A harpy (D)
  A manticore (D)
  4 orc knights (D)
  3 ugly things (D)
  A cyclops (D)
  5 orc sorcerers (D)
  A moth of wrath (D)
  Maurice (D)
  A merfolk siren (D)
  An elephant (D)
  3 black mambas (D)
  A torpor snail (D)
  2 rime drakes (D)
  2 cane toads (D)
  A kobold demonologist (D)
  A komodo dragon (D)
  Psyche (D)
  A demonic crawler (D)
  A merfolk (D)
  A wind drake (D)
  2 tyrant leeches (D)
  A tarantella (shapeshifter) (D)
  A blink frog (D)
  A slime creature (D)
  2 snapping turtles (D)
  A jumping spider (D)
  A wraith (D)
  2 basilisks (D)
  5 yaks (D)
  A basilisk (shapeshifter) (D)
  Grum (D)
  A redback (D)
  An acid dragon (D)
  2 water moccasins (D)
  10 orc warriors (D)
  A black bear (D)
  2 wolves (D)
  A kobold brigand (D)
  2 bullfrogs (D)
  2 killer bees (D)
  2 hounds (D)
  3 orc priests (D)
  2 orc wizards (D)
  2 adders (D)
  2 worms (D)
  11 orcs (D)
  3 endoplasms (D)
  A quokka (D)
  2 rats (D)
130 creatures vanquished.

Notes
Turn   | Place    | Note
-------+----------+-------------------------------------------
     0 | D        | 123456 the Minotaur Fighter began the quest for the Orb.
     0 | D        | Reached XP level 1. HP: 19/19 MP: 0/0
     9 | D        | Reached skill level 1 in Dodging
    69 | D        | Noticed a hound
    69 | D        | Noticed a hound
    75 | D        | Reached XP level 2. HP: 24/28 MP: 1/1
    77 | D        | Reached skill level 5 in Fighting
    81 | D        | Reached skill level 5 in Maces & Flails
    81 | D        | Reached skill level 5 in Armour
    81 | D        | Reached XP level 3. HP: 31/37 MP: 2/2
    85 | D        | Reached XP level 4. HP: 38/45 MP: 3/3
   146 | D        | Found a snail-covered altar of Cheibriados.
   146 | D        | Found a shadowy altar of Dithmenos.
   146 | D        | Found a white marble altar of Elyvilon.
   146 | D        | Found a blossoming altar of Fedhas.
   146 | D        | Found an opulent altar of Gozag.
   147 | D        | Found a hazy altar of Hepliaklqana.
   148 | D        | Found a viscous altar of Jiyva.
   149 | D        | Found an ancient bone altar of Kikubaaqudgha.
   150 | D        | Found a corrupted altar of Lugonu.
   151 | D        | Found a burning altar of Makhleb.
   152 | D        | Found a sparkling altar of Nemelex Xobeh.
   153 | D        | Found an iron altar of Okawaru.
   154 | D        | Found a stormy altar of Qazlal.
   155 | D        | Found a sacrificial altar of Ru.
   156 | D        | Found a shimmering blue altar of Sif Muna.
   157 | D        | Found a bloodstained altar of Trog.
   158 | D        | Found a hide-covered altar of Uskayaw.
   159 | D        | Found a radiant altar of Vehumet.
   160 | D        | Found an ornate altar of the Wu Jian Council.
   161 | D        | Became a worshipper of Warmaster Okawaru
   164 | D        | Found a shimmering altar of Xom.
   165 | D        | Found a basalt altar of Yredelemnul.
   166 | D        | Found a glowing silver altar of Zin.
   167 | D        | Found a glowing golden altar of the Shining One.
   208 | D        | Noticed a yak
   208 | D        | Noticed an acid dragon
   208 | D        | Noticed a kobold brigand
   208 | D        | Noticed a yak
   217 | D        | Killed a yak
   218 | D        | Reached XP level 5. HP: 41/57 MP: 4/4
   222 | D        | Reached skill level 5 in Dodging
   222 | D        | Reached XP level 6. HP: 45/64 MP: 5/5
   226 | D        | Reached skill level 10 in Fighting
   235 | D        | Reached * piety under Okawaru
   236 | D        | Reached skill level 10 in Maces & Flails
   243 | D        | Killed an acid dragon
   246 | D        | Killed a yak
   247 | D        | Reached XP level 7. HP: 25/74 MP: 6/6
   578 | D        | Noticed a hornet
   578 | D        | Noticed a kobold demonologist
   578 | D        | Noticed a wraith
   578 | D        | Noticed a basilisk
   578 | D        | Noticed a slime creature
   578 | D        | Noticed a centaur warrior
   588 | D        | Killed a centaur warrior
   588 | D        | Reached ** piety under Okawaru
   588 | D        | Reached *** piety under Okawaru
   589 | D        | Reached XP level 8. HP: 45/86 MP: 7/7
   592 | D        | Killed a slime creature
   592 | D        | Received a gift from Okawaru
   614 | D        | Reached skill level 10 in Armour
   626 | D        | Killed a kobold demonologist
   626 | D        | Reached **** piety under Okawaru
   629 | D        | a hornet changed into a basilisk
   634 | D        | Reached XP level 9. HP: 62/96 MP: 8/8
   896 | D        | Noticed a komodo dragon
   896 | D        | Noticed a five-headed hydra
   901 | D        | Killed a five-headed hydra
   902 | D        | Reached skill level 15 in Fighting
   902 | D        | Reached skill level 15 in Maces & Flails
   906 | D        | Reached ***** piety under Okawaru
   911 | D        | Reached skill level 10 in Dodging
   911 | D        | Noticed a cane toad
   915 | D        | Killed a komodo dragon
   934 | D        | Killed a cane toad
   935 | D        | Reached XP level 10. HP: 43/108 MP: 9/9
  1440 | D        | Noticed a black mamba
  1441 | D        | Noticed a six-headed hydra
  1446 | D        | Noticed an elephant
  1455 | D        | Noticed a cane toad
  1457 | D        | Killed a six-headed hydra
  1464 | D        | Killed a black mamba
  1464 | D        | Identified the +1 kite shield of Okawaru's Castigation
                  | {rF+} (Okawaru gifted it to you in the Dungeon)
  1464 | D        | Received a gift from Okawaru
  1476 | D        | Killed an elephant
  1480 | D        | Killed a cane toad
  1913 | D        | Noticed a lindwurm
  1913 | D        | Noticed a lindwurm
  1913 | D        | Noticed a lindwurm
  1913 | D        | Noticed a lindwurm
  1935 | D        | Killed a lindwurm
  1936 | D        | Reached skill level 1 in Invocations
  1941 | D        | Killed a lindwurm
  1948 | D        | Killed a lindwurm
  1949 | D        | Reached XP level 11. HP: 70/121 MP: 10/12
  1953 | D        | Killed a lindwurm
  1965 | D        | Reached ****** piety under Okawaru
  2341 | D        | Noticed Maurice
  2349 | D        | Killed Maurice
  2359 | D        | Noticed Grum
  2367 | D        | Killed Grum
  2408 | D        | Noticed Erolcha
  2417 | D        | Killed Erolcha
  2536 | D        | Noticed an orc knight
  2543 | D        | Killed an orc knight
  2554 | D        | Received a gift from Okawaru
  2576 | D        | Reached skill level 5 in Invocations
  2729 | D        | Found Xybeokh's Antique Armour Boutique.
  2729 | D        | Noticed an orc high priest
  2729 | D        | Noticed an orc sorcerer
  2729 | D        | Noticed an orc sorcerer
  2730 | D        | Noticed a sun demon
  2733 | D        | Killed an orc sorcerer
  2739 | D        | Noticed an orc knight
  2748 | D        | Paralysed by an orc sorcerer for 4 turns
  2754 | D        | Killed an orc sorcerer
  2759 | D        | Noticed an orc sorcerer
  2761 | D        | Noticed an orc high priest
  2764 | D        | Noticed a sixfirhy
  2772 | D        | Killed an orc high priest
  2784 | D        | Killed an orc knight
  2786 | D        | Killed an orc sorcerer
  2788 | D        | Noticed an orc knight
  2789 | D        | Found Ogaciu Ximes's Armour Shop.
  2789 | D        | Noticed an orc knight
  2792 | D        | Killed an orc high priest
  2796 | D        | Killed an orc knight
  2797 | D        | Reached skill level 15 in Armour
  2803 | D        | Killed an orc knight
  3222 | D        | Found Worriuni's Antique Weapon Boutique.
  3233 | D        | Found Nunueblu's Jewellery Shop.
  3237 | D        | Noticed an orc high priest
  3238 | D        | Noticed an orc sorcerer
  3239 | D        | Noticed an orc sorcerer
  3244 | D        | Killed an orc high priest
  3245 | D        | Reached XP level 12. HP: 126/134 MP: 14/16
  3272 | D        | Bought a +6 ring of strength for 504 gold pieces
  3281 | D        | Bought a +4 ring of protection for 504 gold pieces
  3384 | D        | Found the +0 staff of Battle
  3433 | D        | Noticed a rakshasa
  3433 | D        | Noticed a boulder beetle
  3433 | D        | Noticed a boulder beetle
  3437 | D        | Killed a boulder beetle
  3453 | D        | Killed a rakshasa
  3455 | D        | Noticed a spriggan air mage
  3458 | D        | Killed a boulder beetle
  3458 | D        | Received a gift from Okawaru
  3470 | D        | Noticed a spriggan air mage
  3474 | D        | Noticed a frost giant
  3480 | D        | Killed a spriggan air mage
  3503 | D        | Killed a spriggan air mage
  3514 | D        | Killed a frost giant
  4035 | D        | Bought an amulet of guardian spirit for 420 gold pieces
  4170 | D        | Noticed an ice dragon
  4171 | D        | Noticed an ettin
  4179 | D        | Killed an ice dragon
  4189 | D        | Killed an ettin
  4492 | D        | Noticed Nergalle
  4499 | D        | Killed Nergalle
  4499 | D        | Received a gift from Okawaru
  4541 | D        | Noticed Psyche
  4546 | D        | Killed Psyche
  4608 | D        | Noticed a boulder beetle
  4608 | D        | Noticed a radroach
  4610 | D        | Killed a radroach
  4616 | D        | Reached skill level 15 in Dodging
  4622 | D        | Killed a boulder beetle
  4631 | D        | Reached XP level 13. HP: 16/146 MP: 1/19
  5123 | D        | Noticed an emperor scorpion
  5131 | D        | Killed an emperor scorpion
  5206 | D        | Received a gift from Okawaru
  5212 | D        | Reached skill level 10 in Invocations
  5435 | D        | HP: 7/148 [salamander/+0 halberd (9)]
  5435 | D        | Slain by a salamander

Illustrated notes

Levels and vault maps discovered:
D:        linesprint [early_d, line_temple, items_1, d_10, items_2, lair_1,
          lair_end, items_3, orc_1, orc_end, items_4, d_15, swamp_1, shoals_1,
          snake_1, spider_1, d_20, vaults_1, items_5, swamp_end, shoals_end,
          snake_end, spider_end, vaults_end, d_27, items_6, zot_1, zot_end,
          crypt_end, forest_end, elf_end, slime_end, tomb_end, abyss_end,
          pan_hell_end]

Skill      XL: |  1  2  3  4  5  6  7  8  9 10 11 12 13 |
---------------+----------------------------------------+-----
Fighting       | 4 6 9 11 13 14 16 18 20 22 23 | 23.6
Maces & Flails | 4 5 6 8 9 11 12 14 16 18 20 22 23 | 23.5
Dodging        | 1 2 3 4 5 6 7 9 10 12 13 15 | 15.8
Armour         | 4 5 6 7 8 9 10 12 13 15 16 17 | 17.4
Invocations    | 2 6 9 10 | 10.3
Shields        | |  3.6

Action                   |  1- 3 |  4- 6 |  7- 9 | 10-12 | 13-15 || total
-------------------------+-------+-------+-------+-------+-------++-------
Melee: Flail             |    21 |     2 |       |       |       ||    23
       Headbutt          |     6 |     8 |    12 |   103 |    21 ||   150
       Morningstar       |       |    38 |    72 |   240 |       ||   350
       Great mace        |       |       |       |   121 |    69 ||   190
Evoke: Wand              |       |       |     1 |     2 |       ||     3
       Piece from Xom's  |       |       |       |     1 |       ||     1
  Use: Potion            |       |       |     1 |     7 |     1 ||     9
       Scroll            |       |       |     6 |       |       ||     6
Armor: Scale mail        |     6 |       |       |       |       ||     6
       Plate armour      |       |    26 |    50 |   139 |    42 ||   257
Dodge: Dodged            |     9 |    13 |    26 |    99 |    24 ||   171
Block: Buckler           |     6 |     5 |     9 |    11 |       ||    31
       Kite shield       |       |       |       |    66 |       ||    66

Table legend: (Time is in decaauts)
 A = Elapsed time spent in this place.
 B = Non-inter-level travel time spent in this place.
 C = Inter-level travel time spent in this place.
 D = Time resting spent in this place.
 E = Time spent auto-exploring this place.
 F = Levels seen in this place.
 G = Mean time per level.
                   A        B        C        D        E       F      G
               +--------+--------+--------+--------+--------+-----+--------+
         Total |   5341 |   5098 |    243 |   3013 |   1186 |   1 | 5341.0 |
       Dungeon |   5341 |   5098 |    243 |   3013 |   1186 |   1 | 5341.0 |
               +--------+--------+--------+--------+--------+-----+--------+

Top non-repeatable levels by time:
       D: 5341 daAuts
